 Dungeon Crawl Stone Soup version 0.32-a0-646-g91cf321817 (webtiles) character file.

Game seed: 4205190267031504701

2181 Essalna the Geomancer (level 9, 0/52 HPs)
             Began as a Gargoyle Earth Elementalist on Mar 8, 2024.
             Was an Initiate of Vehumet.
             Slain by a wight
             ... wielding a +2 halberd of freezing
              (5 damage)
             ... on level 7 of the Dungeon.
             The game lasted 00:10:19 (6810 turns).

Essalna the Geomancer (Gargoyle Earth Elementalist) Turns: 6810, Time: 00:10:20

Health: 0/52       AC: 12    Str: 12    XL:     9   Next: 33%
Magic:  16/16      EV: 12    Int: 20    God:    Vehumet [......]
Gold:   369        SH:  0    Dex: 10    Spells: 14/18 levels left

rFire   . . .        q - staff of conjuration
rCold   . . .        (no shield)
rNeg    + . .        a - +0 robe
rPois   ∞            p - +0 helmet
rElec   +            w - +0 cloak
rCorr   .            z - +0 pair of gloves
SInv    .            (no boots)
Will    .....        m - amulet of magic regeneration
Stlth   ++           o - ring of wizardry
HPRegen 0.28/turn    (no ring)
MPRegen 0.55/turn

%: wizardry (x1)
@: no status effects
A: sickness immunity, AC +6, negative energy resistance 1, electricity
resistance, torment resistance 1, petrification resistance
a: Renounce Religion


You were on level 7 of the Dungeon.
You worshipped Vehumet.
Vehumet was noncommittal.
You visited 2 branches of the dungeon, and saw 8 of its levels.

You collected 369 gold pieces.

Inventory:

Armour
 a - a +0 robe (worn)
 p - a +0 helmet (worn)
 w - a +0 cloak (worn)
 z - a +0 pair of gloves (worn)
Magical Staves
 d - a staff of cold
 q - a staff of conjuration (weapon)
Jewellery
 m - an amulet of magic regeneration (around neck)
 o - a ring of wizardry (left hand)
 D - an amulet of regeneration
Wands
 v - a wand of polymorph (1)
Scrolls
 c - 2 scrolls of amnesia
 f - a scroll of enchant armour
 j - a scroll of summoning
 l - 5 scrolls of vulnerability
 s - a scroll of fog
 u - a scroll of poison {unknown}
 y - a scroll of immolation {unknown}
 A - 4 scrolls of teleportation {unknown}
 C - a scroll of fear {unknown}
 F - 3 scrolls of blinking {unknown}
 G - 4 scrolls of revelation {unknown}
 H - a scroll of enchant weapon {unknown}
Potions
 b - a potion of magic
 e - a potion of resistance {unknown}
 g - 2 potions of enlightenment {unknown}
 h - a potion of cancellation {unknown}
 i - a potion of ambrosia {unknown}
 k - 3 potions of mutation {unknown}
 n - a potion of curing {unknown}
 r - 2 potions of lignification {unknown}
 t - 2 potions of invisibility {unknown}
 x - a potion of attraction {unknown}
 B - 2 potions of brilliance {unknown}
 E - a potion of degeneration {unknown}
 I - a potion of heal wounds {unknown}


   Skills:
 + Level 3.8 Fighting
 + Level 3.8 Armour
 + Level 3.3 Dodging
 - Level 2.1 Stealth
 - Level 5.0 Spellcasting
 + Level 6.8 Conjurations
 + Level 8.3 Earth Magic


You had 14 spell levels left.
You knew the following spells:

 Your Spells              Type           Power      Damage    Failure   Level
a - Sandblast             Erth           76%        2d16      1%          1
b - Stone Arrow           Conj/Erth      100%       3d13      1%          3

Your spell library contained the following spells:

 Spells                   Type           Power      Damage    Failure   Level
 Passwall                 Erth           38%        N/A       1%          3
 Brom's Barrelling Bould  Conj/Erth      52%        2d7       1%          4
 Dazzling Flash           Conj/Hex       56%        N/A       3%          3
 Hailstorm                Conj/Ice       28%        3d8       3%          3
 Slow                     Hex            20%        N/A       4%          1
 Summon Small Mammal      Summ           20%        N/A       4%          1
 Mephitic Cloud           Conj/Alch/Air  21%        N/A       6%          3
 Petrify                  Alch/Erth      21%        N/A       9%          4
 Call Canine Familiar     Summ           5%         N/A       14%         3
 Confusing Touch          Hex            5%         N/A       14%         3
 Sigil of Binding         Hex            5%         N/A       14%         3
 Summon Ice Beast         Ice/Summ       5%         N/A       14%         3
 Vampiric Draining        Necr           5%         2d6       14%         3
 Summon Blazeheart Golem  Fire/Summ      5%         N/A       41%         4
 Curse of Agony           Necr           5%         N/A       75%         5
 Silence                  Hex/Air        2%         N/A       75%         5
 Sculpt Simulacrum        Ice/Alch       2%         N/A       99%         6


Dungeon Overview and Level Annotations

Branches:
Dungeon (7/15)             Temple (1/1) D:6

Altars:
Ashenzari
Cheibriados
Dithmenos
Elyvilon
Fedhas
Gozag
Hepliaklqana
Kikubaaqudgha
Makhleb
Nemelex Xobeh
Qazlal
Ru
Sif Muna
Trog
Vehumet
Wu Jian
Xom
Yredelemnul
The Shining One

Shops:
D:6 :

Annotations:
D:4 3 runed translucent doors, Fastnbulbous's ghost, amateur TeAE
D:6 2 transporters, iamserjio's ghost, weakling OpDe


Innate Abilities, Weirdness & Mutations

You are immune to sickness and miasma.
Your stone body is resilient. (AC +6)
You are immune to poison.
You resist negative energy. (rN+)
You are resistant to electric shocks. (rElec)
You are resistant to unholy torment.
You are immune to petrification.


Message History

You can't see any susceptible monsters within range! (Use Z to cast anyway.)
A steam dragon comes into view.
There is a stone staircase leading up here.
You can't see any susceptible monsters within range! (Use Z to cast anyway.)
The blast of sand hits the wight!
The wight is heavily damaged.
The steam dragon hisses angrily.
The steam dragon breathes steam at you. The ball of steam hits you!
You are too injured to fight recklessly!
You are too injured to fight recklessly!
The steam dragon breathes steam at you.
The ball of steam hits you but does no damage.
Casting: Sandblast (safe; 1% risk of failure)
Confirm with . or Enter, or press ? or * to list all spells.
Aiming: Sandblast (safe; 1% risk of failure)
Press: ? - help, Shift-Dir - straight line, f/p - wight
Aim: a wight, wielding a +2 mace and wearing a +0 robe (heavily damaged, 84% to hit)
The blast of sand hits the wight!
You destroy the wight!
Vehumet accepts your kill.
You are engulfed in a cloud of scalding steam.
Casting: Sandblast (safe; 1% risk of failure)
Confirm with . or Enter, or press ? or * to list all spells.
Aiming: Sandblast (safe; 1% risk of failure)
Press: ? - help, Shift-Dir - straight line, f - wight
Aim: a wight, wielding a +2 halberd of freezing and wearing a +0 robe (84% to hit)
The blast of sand hits the wight but does no damage.
The wight misses you. The wight closely misses you.
The steam dragon breathes steam at you. The ball of steam hits you!
The wight is engulfed in a cloud of scalding steam.
The wight hits you from afar with a +2 halberd of freezing.
The wight freezes you.
* * * LOW HITPOINT WARNING * * *
There is a stone staircase leading up here.
You are engulfed in a cloud of scalding steam.
* * * LOW HITPOINT WARNING * * *
The wight hits you from afar with a +2 halberd of freezing.
You die...

......### #.#)# .#......##
#.#(# .##......####.#?)
#####......#..##?? .... #
###.........####.......# #
#..................#...# #
##......§.§.z####.......# #
#.......§......###.....##
###........§..D§@§§#......#
.##.......................##
.###........................
.####.....................".
..# ##...............######
#.## ####....####....# #..#
########.....# #..#
##.......# ##.##
###........#


You could see a steam dragon and a wight.

Vanquished Creatures
  An orc warrior (D:7)
  A sky beast (D:7)
  An ice beast (D:7)
  A black bear (D:6)
  3 ogres
  A centaur (D:6)
  A phantom (D:7)
  A bullfrog (D:7)
  A gnoll sergeant (D:7)
  7 scorpions
  A wight (D:7)
  A howler monkey (D:4)
  3 bombardier beetles
  2 hounds
  A jelly (D:7)
  2 orc priests (D:5)
  Crazy Yiuf (D:2)
  A sleepcap (D:5)
  Jessica (D:2)
  4 iguanas
  4 orc wizards
  Robin (D:2)
  3 gnolls (D:7)
  5 adders
  A white imp (D:7)
  2 dart slugs
  4 ribbon worms
  22 orcs
  6 ball pythons
  7 bats
  4 endoplasms
  3 giant cockroaches
  8 hobgoblins
  11 jackals
  5 kobolds
  5 quokkas
  4 frilled lizards
  19 goblins
  3 rats (D:1)
152 creatures vanquished.

Notes
Turn   | Place    | Note
-------+----------+-------------------------------------------
     0 | D:1      | Essalna the Gargoyle Earth Elementalist began the quest for
                  | the Orb.
     0 | D:1      | Reached XP level 1. HP: 10/10 MP: 3/3
   147 | D:1      | Found a faded altar of an unknown god.
   160 | D:1      | Reached XP level 2. HP: 14/15 MP: 1/5
   282 | D:1      | Reached skill level 4 in Earth Magic
   641 | D:1      | Reached XP level 3. HP: 19/19 MP: 4/6
   998 | D:2      | Noticed Jessica
  1001 | D:2      | Killed Jessica
  1002 | D:2      | Reached XP level 4. HP: 24/24 MP: 4/8
  1023 | D:2      | Noticed Robin
  1028 | D:2      | Killed Robin
  1061 | D:2      | Learned a level 3 spell: Stone Arrow
  1386 | D:2      | Found a runed translucent door.
  1387 | D:2      | Noticed Crazy Yiuf
  1393 | D:2      | Killed Crazy Yiuf
  1394 | D:2      | Reached XP level 5. HP: 28/28 MP: 5/9
  2026 | D:3      | Reached skill level 5 in Earth Magic
  2680 | D:4      | Noticed an ogre
  2688 | D:4      | Killed an ogre
  2689 | D:4      | Reached XP level 6. HP: 28/32 MP: 2/11
  2904 | D:4      | Found an opulent altar of Gozag.
  3138 | D:4      | Found a white marble altar of Elyvilon.
  3142 | D:4      | Reached skill level 6 in Earth Magic
  3142 | D:4      | Reached XP level 7. HP: 36/36 MP: 11/13
  3324 | D:4      | Found a runed translucent gate.
  3325 | D:4      | Found a runed translucent gate.
  3326 | D:4      | Found a runed translucent gate.
  4015 | D:4      | Found an ornate altar of the Wu Jian Council.
  4062 | D:4      | Noticed Fastnbulbous's ghost (amateur TeAE)
  4119 | D:5      | Entered Level 5 of the Dungeon
  4133 | D:5      | Reached skill level 5 in Conjurations
  4551 | D:5      | Reached skill level 5 in Spellcasting
  4551 | D:5      | Reached skill level 7 in Earth Magic
  4568 | D:5      | Reached XP level 8. HP: 41/41 MP: 15/15
  4805 | D:5      | Reached skill level 1 in Armour
  4986 | D:6      | Reached skill level 1 in Fighting
  5128 | D:6      | Found Xirier's Book Shoppe.
  5227 | D:6      | Noticed a cyclops
  5228 | D:6      | Noticed iamserjio's ghost (weakling OpDe)
  5229 | D:6      | Found a transporter.
  5308 | D:6      | Found a transporter.
  5691 | D:6      | Found a staircase to the Ecumenical Temple.
  5740 | Temple   | Entered the Ecumenical Temple
  6443 | D:7      | Found a radiant altar of Vehumet.
  6457 | D:7      | Became a worshipper of Vehumet
  6539 | D:7      | Reached XP level 9. HP: 43/50 MP: 13/16
  6585 | D:7      | Reached skill level 8 in Earth Magic
  6810 | D:7      | Slain by a wight

Illustrated notes

Levels and vault maps discovered:
D:1:      dpeg_arrival_arbitrary_b, layout_basic,
          hellmonk_ecumenical_altar_dog_temple, reono_crystal_passage
D:2:      layout_basic, minmay_circle_x, uniq_robin, uniq_crazy_yiuf_cottage,
          uniq_jessica
D:3:      layout_loops_corners, dreamdust_wishing_well
D:4:      layout_layer_cave, lemuel_round_altar, mainiacjoe_overflow_alcove_2,
          ebering_ghost_rock_garden, minmay_ruined_shrine
D:5:      layout_gridville, minmay_misc_feat_diagonals
D:6:      layout_layer_cave, minmay_temple_entry_antechambers, serial_shops,
          nicolae_book_shop_shelving, gammafunk_ghost_arena
D:7:      layout_cave_pods, mainiacjoe_overflow_tiny_flanked, okawaru_trees_1,
          minmay_alternating_orb
Temple:   regret_index_temple_sphere_string

Skill      XL: |  1  2  3  4  5  6  7  8  9 |
---------------+----------------------------+-----
Earth Magic    | 4 5 6 7 8 |  8.3
Conjurations   | 2 3 4 5 6 |  6.8
Spellcasting   | 3 4 5 |  5.0
Armour         | 3 |  3.8
Fighting       | 3 |  3.8
Dodging        | 2 3 |  3.3
Stealth        | |  2.1

Action                     |  1- 3 |  4- 6 |  7- 9 || total
---------------------------+-------+-------+-------++-------
  Melee: Staff             |     7 |     6 |     1 ||    14
   Cast: Sandblast         |    37 |    91 |   128 ||   256
         Stone Arrow       |       |     4 |     8 ||    12
    Use: Scroll            |       |       |     5 ||     5
 Armour: Robe              |    16 |    26 |   111 ||   153
  Dodge: Dodged            |     6 |    16 |    83 ||   105

Table legend: (Time is in decaauts)
 A = Elapsed time spent in this place.
 B = Non-inter-level travel time spent in this place.
 C = Inter-level travel time spent in this place.
 D = Time resting spent in this place.
 E = Time spent auto-exploring this place.
 F = Levels seen in this place.
 G = Mean time per level.
                   A        B        C        D        E       F      G
               +--------+--------+--------+--------+--------+-----+--------+
         Total |   6942 |   6716 |    226 |    222 |   5619 |   8 |  867.8 |
       Dungeon |   6940 |   6714 |    226 |    222 |   5619 |   7 |  991.4 |
        Temple |      1 |      1 |      0 |      0 |      0 |   1 |    1.0 |
               +--------+--------+--------+--------+--------+-----+--------+

Top non-repeatable levels by time:
     D:6: 1568 daAuts
     D:4: 1461 daAuts
     D:3: 970 daAuts
     D:1: 944 daAuts
     D:2: 816 daAuts
     D:5: 636 daAuts
     D:7: 543 daAuts
  Temple: 1 daAuts
